 Dungeon Crawl Stone Soup version 0.21.0-3-g78d12a8 (webtiles) character file.

83 Raptoricus the Firebug (level 4, 0/33 HPs)
             Began as a Draconian Fire Elementalist on Jan 8, 2018.
             Killed by divine providence
             ... invoked by an orc priest
              (15 damage)
             ... on level 3 of the Dungeon.
             The game lasted 00:08:45 (2454 turns).

Raptoricus the Firebug (DrFE)                       Turns: 2454, Time: 00:08:46

Health: 0/33       AC:  7    Str: 11    XL:     4   Next: 22%
Magic:  8/8        EV: 15    Int: 16    God:
Gold:   110        SH:  0    Dex: 11    Spells: 5/8 levels left

rFire    . . .     SeeInvis .   g - +0 short sword
rCold    + . .     Gourm    .   (no shield)
rNeg     . . .     Faith    .   (armour unavailable)
rPois    .         Spirit   .   (helmet restricted)
rElec    .         Reflect  .   (no cloak)
rCorr    .         Harm     .   (no gloves)
MR       .....                  e - +1 pair of boots
Stlth    ++........             (no amulet)
HPRegen  0.11/turn              d - ring of protection from cold
MPRegen  0.11/turn              h - +3 ring of evasion

@: no status effects
A: unfitting armour, cold-blooded, AC +5
a: no special abilities


You were on level 3 of the Dungeon.
You were hungry.

You visited 1 branch of the dungeon, and saw 3 of its levels.

You collected 110 gold pieces.

Inventory:

Hand Weapons
 g - a +0 short sword (weapon)
 v - a +0 hunting sling
Missiles
 m - 6 needles of confusion
 r - 6 stones (quivered)
Armour
 e - a +1 pair of boots (worn)
Jewellery
 d - a ring of protection from cold (left hand)
 h - a +3 ring of evasion (right hand)
Scrolls
 c - a scroll of magic mapping {unknown}
 f - a scroll of fog {unknown}
 j - a scroll of enchant weapon {unknown}
 k - a scroll of remove curse {unknown}
 q - 2 scrolls of teleportation {unknown}
 s - a scroll of immolation {unknown}
 t - 2 scrolls of identify {unknown}
Potions
 i - 2 potions of resistance {unknown}
 l - a potion of ambrosia {unknown}
 n - a potion of lignification {unknown}
 o - a potion of agility {unknown}
 p - a potion of curing {unknown}
 u - 2 potions of might {unknown}
 w - a potion of mutation {unknown}
Books
 a - a book of Flames

   Spells                             Type                      Level
   a - Flame Tongue                   Conjuration/Fire             1
   b - Throw Flame                    Conjuration/Fire             2
   c - Conjure Flame                  Conjuration/Fire             3
   d - Inner Flame                    Hexes/Fire                   3
   e - Sticky Flame                   Conjuration/Fire             4
   f - Fireball                       Conjuration/Fire             5
Comestibles
 b - 4 rations


   Skills:
 + Level 0.2 Throwing
 - Level 2.0 Dodging
 - Level 1.7 Stealth
 + Level 2.8 Spellcasting
 + Level 1.9 Conjurations
 + Level 4.0 Fire Magic


You had 5 spell levels left.
You knew the following spells:

 Your Spells              Type           Power        Failure   Level  Hunger
a - Flame Tongue          Conj/Fire      ##...        5%          1    #......
b - Throw Flame           Conj/Fire      ##....       9%          2    ##.....


Dungeon Overview and Level Annotations

Branches:
Dungeon (3/15)

Altars:

Annotations:
D:3 MTVSty1e's ghost, amateur DrGl


Innate Abilities, Weirdness & Mutations

Your plain brown scales are hard. (AC +5)
You cannot fit into any form of body armour.
You are cold-blooded and may be slowed by cold attacks.


Message History

The rat completely misses you. The orc priest misses you.
You hit the rat.
You kill the rat!
The jackal closely misses you.
The orc priest hits you but does no damage.
The jackal bites you but does no damage.
The orc priest hits you but does no damage.
The jackal closely misses you. The bat barely misses you.
The orc priest calls down the wrath of Beogh upon you.
Beogh smites you! The jackal misses you. The bat misses you.
The jackal barely misses you.
You hit the jackal.
The jackal is heavily wounded.
The jackal bites you but does no damage.
The jackal barely misses you.
The orc priest mumbles some strange prayers to Beogh against you.
Beogh smites you!
You die...

##........
#$.....o.
#........
##....###
#.##...
#.##.###
#####b.....#
#...#h.....##
#.<.@ho.....#
#...###.....#
##### #.....#
#.....#
#.....#
#..##.# #..#
.# ##.# .#
#>......#


You could see an orc priest, 2 jackals and a bat.

Vanquished Creatures
  An orc priest (D:3)
  A worm (D:2)
  2 dart slugs
  2 leopard geckos
  2 orcs (D:3)
  3 giant cockroaches
  2 goblins
  7 hobgoblins
  5 jackals (D:2)
  A quokka (D:2)
  3 bats
  A frilled lizard (D:2)
  6 kobolds
  3 rats
39 creatures vanquished.

Notes
Turn   | Place    | Note
-------+----------+-------------------------------------------
     0 | D:1      | Raptoricus the Draconian Fire Elementalist began the quest for the Orb.
     0 | D:1      | Reached XP level 1. HP: 14/14 MP: 3/3
     6 | D:1      | Noticed a wolf
     6 | D:1      | Noticed an anaconda
     6 | D:1      | Noticed an iguana
     7 | D:1      | Noticed a six-headed hydra
     7 | D:1      | Noticed a polar bear
   528 | D:1      | Reached XP level 2. HP: 20/20 MP: 0/5
   532 | D:1      | Learned a level 2 spell: Throw Flame
  1414 | D:2      | Reached XP level 3. HP: 22/26 MP: 2/6
  2322 | D:3      | Noticed MTVSty1e's ghost (amateur DrGl)
  2329 | D:3      | Reached skill level 4 in Fire Magic
  2329 | D:3      | Reached XP level 4. HP: 30/33 MP: 5/8
  2454 | D:3      | Killed from afar by an orc priest

Skill      XL: |  1  2  3 |
---------------+----------+-----
Dodging        | 2 |  2.0
Fire Magic     | 4 |  4.0
Throwing       | |  0.2
Stealth        | |  1.7
Spellcasting   | |  2.8
Conjurations   | |  1.9

Action                   |  1- 3 |  4- 6 || total
-------------------------+-------+-------++-------
Melee: Unarmed           |    16 |       ||    16
       Tailslap          |     4 |       ||     4
       Short sword       |    56 |    24 ||    80
Throw: Stone             |    14 |       ||    14
 Cast: Flame Tongue      |    39 |     2 ||    41
       Throw Flame       |    16 |     1 ||    17
  Eat: Chunk             |     5 |     1 ||     6
Armor: Skin              |    28 |    20 ||    48
Dodge: Dodged            |    60 |    40 ||   100
